 Dungeon Crawl Stone Soup version 0.30-b1-2-g02819fbbbe (webtiles) character file.

Game seed: 14411264429041050461

609 Borgoz the Slasher (level 7, -5/54 HPs)
             Began as a Human Gladiator on June 25, 2023.
             Slain by an ogre
             ... wielding a +0 giant club
              (25 damage)
             ... on level 5 of the Dungeon.
             The game lasted 00:05:49 (4083 turns).

Borgoz the Slasher (Human Gladiator)                Turns: 4083, Time: 00:05:50

Health: -5/54      AC:  4    Str: 16    XL:     7   Next: 71%
Magic:  7/7        EV: 13    Int:  9    God:
Gold:   144        SH:  0    Dex: 14    Spells: 6/6 levels left

rFire   + . .        a - +0 long sword
rCold   + . .        (no shield)
rNeg    . . .        b - +0 leather armour
rPois   .            c - +0 helmet
rElec   .            g - scarf {rC+ rF+}
rCorr   .            (no gloves)
SInv    .            (no boots)
Will    .....        y - amulet of regeneration
Stlth   +            (no ring)
HPRegen 1.09/turn    (no ring)
MPRegen 0.10/turn

%: no passive effects
@: no status effects
A: no striking features
a: no special abilities


You were on level 5 of the Dungeon.
You visited 1 branch of the dungeon, and saw 5 of its levels.

You collected 144 gold pieces.

Inventory:

Hand Weapons
 a - a +0 long sword (weapon)
Missiles
 e - a javelin
 n - a curare-tipped dart
 o - 3 poisoned darts (quivered)
Armour
 b - a +0 leather armour (worn)
 c - a +0 helmet (worn)
 g - a scarf of resistance (worn)
Jewellery
 p - an amulet of faith
 r - an amulet of magic regeneration
 y - an amulet of regeneration (around neck)
Wands
 u - a wand of flame (3)
Scrolls
 f - a scroll of vulnerability {unknown}
 i - a scroll of enchant weapon {unknown}
 s - 2 scrolls of fog {unknown}
 v - a scroll of magic mapping {unknown}
 z - a scroll of poison {unknown}
 A - a scroll of fear {unknown}
Potions
 d - a potion of heal wounds {unknown}
 h - a potion of berserk rage {unknown}
 j - a potion of might
 m - a potion of resistance
 q - a potion of flight
 x - 3 potions of brilliance


   Skills:
 + Level 4.0 Fighting
 * Level 5.7 Long Blades
 - Level 2.0 Throwing
 + Level 3.1 Armour
 + Level 4.5 Dodging


You had 6 spell levels left.
You didn't know any spells.
Your spell library contained the following spells:

 Spells                   Type           Power      Damage    Failure   Level
 Apportation              Tloc           0%         N/A       43%         1
 Beastly Appendage        Tmut           0%         N/A       43%         1
 Necrotise                Necr           0%         1d4       43%         1
 Summon Small Mammal      Summ           0%         N/A       43%         1
 Ensorcelled Hibernation  Hex/Ice        0%         N/A       58%         2
 Wereblood                Tmut           0%         N/A       58%         2
 Call Canine Familiar     Summ           0%         N/A       82%         3
 Portal Projectile        Hex/Tloc       0%         N/A       82%         3
 Spider Form              Tmut/Pois      0%         N/A       82%         3
 Vhi's Electric Charge    Tloc/Air       0%         N/A       82%         3
 Anguish                  Hex/Necr       0%         N/A       99%         4
 Leda's Liquefaction      Hex/Erth       0%         N/A       99%         4
 Arcjolt                  Conj/Air       0%         1d10      100%        5
 Fireball                 Conj/Fire      0%         3d3       100%        5
 Iskenderun's Battlesphe  Conj           0%         2d6       100%        5
 Conjure Ball Lightning   Conj/Air       0%         3x3d6     100%        6
 Plasma Beam              Fire/Air       0%         2x1d11    100%        6
 Orb of Destruction       Conj           0%         9d5       100%        7
 Discord                  Hex            0%         N/A       100%        8
 Disjunction              Tloc           0%         N/A       100%        8


Dungeon Overview and Level Annotations

Branches:
Dungeon (5/15)             Temple (0/1) D:4

Altars:
Ashenzari
Cheibriados
Kikubaaqudgha
Qazlal
Ru
Uskayaw
Yredelemnul
The Shining One

Shops:
D:1 ?


Message History

You feel yourself slow down.
(D) Dungeon (T) Temple
Where to? (Enter - D:5, ? - help) HP restored.
There is a stone staircase leading up here.
You climb upwards.
There is a stone staircase leading down here.
(D) Dungeon (T) Temple
Where to? (Enter - D:3, ? - help)
You climb downwards.
There is a stone staircase leading up here.
(D) Dungeon (T) Temple
Where to? (Enter - D:4, ? - help)
There is a stone staircase leading down here.
You climb downwards.
There is a stone staircase leading up here.
There is a stone staircase leading up here.
d - a viscous sapphire potion An ogre comes into view.
It is wielding a +0 giant club.
The ogre shouts!
An ogre is nearby!
The ogre closely misses you.
You hit the ogre.
The ogre is lightly wounded.
The ogre hits you with a +0 giant club!
You hit the ogre.
The ogre is lightly wounded.
The ogre hits you with a +0 giant club!!
Throw: 5 darts (poison)
Press: ? - help, Q - select action, (/) - cycle Shift-Dir - straight line, f - ogre
Aim: an ogre, wielding a +0 giant club (lightly wounded, 76% to hit)
You throw a poisoned dart.
The poisoned dart barely misses the ogre.
Throw: 4 darts (poison)
Press: ? - help, Q - select action, (/) - cycle Shift-Dir - straight line, f/p - ogre
Aim: an ogre, wielding a +0 giant club (lightly wounded, 76% to hit)
You throw a poisoned dart.
The poisoned dart closely misses the ogre.
The ogre hits you with a +0 giant club!!
You die...

##########
(.....O@.#
########.#
#.# #.##
#..# ##.#
#.#
#######.###
..........#


You could see an ogre.

Vanquished Creatures
  2 ogres
  A phantom (D:5)
  A scorpion (D:4)
  A hound (D:5)
  Jessica (D:3)
  4 iguanas
  4 gnolls
  3 adders
  2 worms (D:4)
  3 dart slugs
  2 orcs
  11 ball pythons
  8 endoplasms
  3 giant cockroaches
  6 goblins
  7 hobgoblins
  4 quokkas
  3 bats (D:1)
  2 frilled lizards
  8 kobolds
  3 rats
79 creatures vanquished.

Notes
Turn   | Place    | Note
-------+----------+-------------------------------------------
     0 | D:1      | Borgoz the Human Gladiator began the quest for the Orb.
     0 | D:1      | Reached XP level 1. HP: 16/16 MP: 1/1
   281 | D:1      | Reached XP level 2. HP: 19/22 MP: 2/2
   313 | D:1      | Found Daqiupra's Magic Scroll Shop.
   424 | D:1      | Found a faded altar of an unknown god.
   948 | D:2      | Reached XP level 3. HP: 27/27 MP: 3/3
   987 | D:2      | Found a sacrificial altar of Ru.
   990 | D:2      | Reached skill level 1 in Armour
  1667 | D:3      | Noticed Jessica
  1674 | D:3      | Reached XP level 4. HP: 24/34 MP: 4/4
  1690 | D:3      | Killed Jessica
  1792 | D:3      | Reached skill level 4 in Long Blades
  1800 | D:3      | HP: 1/34 [gnoll/+0 club (1)]
  1802 | D:3      | Reached XP level 5. HP: 2/39 MP: 5/5
  1993 | D:3      | Found a glowing golden altar of the Shining One.
  2387 | D:3      | Found an ancient bone altar of Kikubaaqudgha.
  2387 | D:3      | Found a snail-covered altar of Cheibriados.
  2632 | D:4      | Found a basalt altar of Yredelemnul.
  2641 | D:4      | Noticed an ogre
  2651 | D:4      | Killed an ogre
  2652 | D:4      | Reached XP level 6. HP: 47/47 MP: 6/6
  3185 | D:4      | Found a staircase to the Ecumenical Temple.
  3252 | D:4      | Found a broken altar of Ashenzari.
  3425 | D:4      | Found a hide-covered altar of Uskayaw.
  3425 | D:4      | Found a stormy altar of Qazlal.
  3641 | D:4      | Reached skill level 5 in Long Blades
  3781 | D:5      | Entered Level 5 of the Dungeon
  3786 | D:5      | Reached XP level 7. HP: 49/52 MP: 7/7
  4083 | D:5      | Slain by an ogre

Illustrated notes

Levels and vault maps discovered:
D:1:      tarquinn_simple_flora_water_c, layout_rooms, serial_shops,
          nicolae_shop_pleasant_corner_grove,
          hellmonk_ecumenical_altar_slurped_away
D:2:      layout_loops_corners, basic_altar
D:3:      layout_rooms, tso_metal_star, nicolae_overflow_hidden_temple,
          uniq_jessica
D:4:      minmay_wonky_spiral, layout_cave_pods, mainiacjoe_overflow_catwalk,
          gammafunk_temple_overflow_forgotten, temple_pool_b
D:5:      layout_loops_ring, lemuel_tele_altar

Skill      XL: |  1  2  3  4  5  6  7 |
---------------+----------------------+-----
Armour         | 1 2 3 |  3.1
Long Blades    | 4 5 |  5.7
Fighting       | 3 4 |  4.0
Dodging        | 4 |  4.5
Throwing       | |  2.0

Action                     |  1- 3 |  4- 6 |  7- 9 || total
---------------------------+-------+-------+-------++-------
  Melee: Long sword        |    85 |   167 |    49 ||   301
         Punch             |       |       |     1 ||     1
  Throw: Throwing net      |     1 |     3 |     2 ||     6
         Dart              |       |     7 |     4 ||    11
         Javelin           |       |     2 |     1 ||     3
  Evoke: Wand              |       |     2 |       ||     2
    Use: Scroll            |       |     5 |     2 ||     7
         Potion            |       |     2 |     1 ||     3
 Armour: Leather armour    |    39 |    29 |     7 ||    75
  Dodge: Dodged            |    69 |   123 |    39 ||   231
